 Dungeon Crawl Stone Soup version 0.30.1-3-gfc49f6343a (webtiles) character file.

Game seed: 8718888534494158893

125 kij the Chopper (level 4, -2/41 HPs)
             Began as a Minotaur Berserker on July 31, 2023.
             Was a Believer of Trog.
             Slain by a gnoll
             ... wielding a +0 halberd
              (7 damage)
             ... on level 3 of the Dungeon.
             The game lasted 00:03:04 (1652 turns).

kij the Chopper (Minotaur Berserker)                Turns: 1652, Time: 00:03:05

Health: -2/41      AC:  9    Str: 23    XL:     4   Next: 82%
Magic:  3/3        EV:  9    Int:  4    God:    Trog [**....]
Gold:   108        SH:  0    Dex: 10    Spells: 3/3 levels left

rFire   . . .        a - +0 hand axe
rCold   . . .        (no shield)
rNeg    . . .        i - +0 chain mail
rPois   .            (helmet restricted)
rElec   .            (no cloak)
rCorr   .            (no gloves)
SInv    .            (no boots)
Will    .....        (no amulet) Stlth
                     (no ring)
HPRegen 0.26/turn    (no ring)
MPRegen 0.08/turn

%: no passive effects
@: no status effects
A: horns 2, retaliatory headbutt
a: Renounce Religion, Berserk, Trog's Hand


You were on level 3 of the Dungeon.
You worshipped Trog.
Trog was pleased with you.
You visited 1 branch of the dungeon, and saw 3 of its levels.

You collected 108 gold pieces.

Inventory:

Hand Weapons
 a - a +0 hand axe (weapon)
Armour
 b - a +0 pair of boots
 h - a +0 leather armour
 i - a +0 chain mail (worn)
Scrolls
 c - a scroll of teleportation
 g - 2 scrolls of identify
Potions
 d - 2 potions of curing {unknown}
 e - a potion of magic {unknown}
 f - a potion of resistance {unknown}
 j - a potion of might
 k - a potion of cancellation {unknown}
 l - a potion of degeneration {unknown}


   Skills:
 + Level 4.5 Fighting
 + Level 4.6 Axes
 + Level 3.6 Armour
 + Level 3.4 Dodging


You had 3 spell levels left.
You didn't know any spells.
Your spell library was empty.

Dungeon Overview and Level Annotations

Branches:
Dungeon (3/15)

Altars:

Shops:
D:2 (


Innate Abilities, Weirdness & Mutations

You have a pair of horns on your head.
You reflexively headbutt those who attack you in melee.


Message History

Trog accepts your kill.
Things that are here:
a +0 dagger; a goblin corpse A gnoll comes into view.
It is wielding a +0 spear.
A gnoll comes into view. It is wielding a +0 halberd.
The gnoll shouts!
You hear a shout! x2
The gnoll hits you from afar with a +0 spear. 2 gnolls come into view.
The gnoll shouts!
The gnoll barely misses you.
You barely miss the gnoll. You headbutt the gnoll.
The gnoll is lightly wounded.
You hear the rusting of a drain very nearby.
The gnoll drinks a potion.
The gnoll seems to grow stronger.
The gnoll closely misses you.
The gnoll hits you from afar with a +0 halberd.
You hit the gnoll.
The gnoll is moderately wounded.
The gnoll hits you from afar with a +0 halberd.
The gnoll hits you but does no damage.
You hit the gnoll.
The gnoll is severely wounded.
The gnoll hits you from afar with a +0 halberd.
The gnoll hits you with a +0 spear.
* * * LOW HITPOINT WARNING * * *
You slash the gnoll!
You kill the gnoll!
Trog accepts your kill.
The gnoll hits you from afar with a +0 halberd.
* * * LOW HITPOINT WARNING * * *
The gnoll barely misses you.
You hit the gnoll.
The gnoll is moderately wounded.
The gnoll hits you with a +0 club.
* * * LOW HITPOINT WARNING * * *
The gnoll hits you but does no damage. The gnoll barely misses you.
You hit the gnoll but do no damage.
The gnoll is moderately wounded.
The gnoll hits you from afar with a +0 halberd!
You die...

###..
#########......
#......@gg.....
#....####g....#
#..†.# .....
#....# ..##
#)###.# .# #.#
#.# # ##### #.#
#.# ....#
##.#### #.#
....## #.....#
#.


You could see 3 gnolls.

Vanquished Creatures
  An iguana (D:3)
  A gnoll (D:3)
  2 adders
  A worm (D:2)
  4 dart slugs
  4 bats
  5 endoplasms
  A giant cockroach (D:1)
  12 goblins
  5 hobgoblins
  6 kobolds (D:1)
  A quokka (D:1)
  4 ball pythons
  6 frilled lizards
  8 rats
61 creatures vanquished.

Notes
Turn   | Place    | Note
-------+----------+-------------------------------------------
     0 | D:1      | kij the Minotaur Berserker began the quest for the Orb.
     0 | D:1      | Reached XP level 1. HP: 19/19 MP: 0/0
   113 | D:1      | Reached XP level 2. HP: 27/27 MP: 1/1
   656 | D:2      | Reached XP level 3. HP: 12/33 MP: 2/2
   801 | D:2      | Reached ** piety under Trog
   891 | D:2      | Found Unizxov's Weapon Emporium.
  1165 | D:2      | Reached XP level 4. HP: 40/40 MP: 3/3
  1215 | D:2      | Found a faded altar of an unknown god.
  1652 | D:3      | Slain by a gnoll

Illustrated notes

Levels and vault maps discovered:
D:1:      psy_arrival_basics, layout_rooms, hangedman_decor_growths,
          st_stairs_14
D:2:      layout_basic, dreamdust_ecumenical_altar_angels_and_demons,
          serial_shops, nicolae_shop_scrapyard
D:3:      layout_basic, lightli_sewer_entry_pipes,
          minmay_misc_feat_secret_circle, minmay_misc_feat_rugged, minivault_24,
          uniq_terence

Skill      XL: |  1  2  3 |
---------------+----------+-----
Axes           | 4 |  4.6
Fighting       | 4 |  4.5
Armour         | 3 |  3.6
Dodging        | 3 |  3.4

Action                     |  1- 3 |  4- 6 || total
---------------------------+-------+-------++-------
  Melee: Hand axe          |   107 |    35 ||   142
         Headbutt          |    11 |     3 ||    14
    Use: Scroll            |       |     2 ||     2
   Stab: Sleeping          |     1 |       ||     1
 Armour: Animal skin       |     5 |       ||     5
         Leather armour    |     2 |       ||     2
         Chain mail        |    14 |    17 ||    31
  Dodge: Dodged            |    57 |    14 ||    71
